 Dungeon Crawl Stone Soup version 0.29.1-15-g9cfb28693d (webtiles) character file.

Game seed: 11378464006884470340

30 MacCMillion the Caller (level 3, 0/14 HPs)
             Began as a Felid Summoner on Apr 2, 2023.
             Succumbed to an adder's poison
             ... on level 2 of the Dungeon.
             The game lasted 00:03:10 (1561 turns).

MacCMillion the Caller (Felid Summoner)             Turns: 1561, Time: 00:03:11

Health: 0/14       AC:  1    Str:  4    XL:     3   Next: 5%
Magic:  3/7        EV: 17    Int: 18    God:
Gold:   46         SH:  0    Dex: 16    Spells: 2/6 levels left
                                        Lives:  0   Deaths: 0

rFire   . . .      SeeInvis +   (weapon unavailable)
rCold   . . .      Faith    .   (shield unavailable)
rNeg    . . .      Spirit   .   (body armour unavailable)
rPois   .          Reflect  .   (helmet unavailable)
rElec   .          Harm     .   (cloak unavailable)
rCorr   .          Rampage  .   (gloves unavailable)
Will    .....                   (boots unavailable)
Stlth   ++........              (no amulet)
HPRegen 0.04/turn               (no ring)
MPRegen 0.10/turn               (no ring)

@: lethally poisoned (0 -> -4), flying, quick
A: very small, claws 1, fangs 3, see invisible, speed 1, shaggy fur 1, stealthy
paws, no weapons or thrown items, no armour, multi-lived
a: no special abilities


You were on level 2 of the Dungeon.
You visited 1 branch of the dungeon, and saw 2 of its levels.

You collected 46 gold pieces.

Inventory:

Scrolls
 c - a scroll of acquirement {unknown}
 e - 2 scrolls of identify {unknown}
 g - a scroll of poison {unknown}
 h - a scroll of teleportation {unknown}
Potions
 a - a potion of magic
 d - a potion of berserk rage {unknown}


   Skills:
 - Level 2.6 Dodging
 - Level 2.6 Stealth
 + Level 2.4 Spellcasting
 * Level 4.7 Summonings


You had 2 spell levels left.
You knew the following spells:

 Your Spells              Type           Power      Damage    Failure   Level
a - Summon Small Mammal   Summ           76%        N/A       2%          1
b - Call Canine Familiar  Summ           19%        N/A       8%          3

Your spell library contained the following spells:

 Spells                   Type           Power      Damage    Failure   Level
 Call Imp                 Summ           19%        N/A       3%          2
 Sandblast                Erth           4%         2d4       17%         1
 Passwall                 Tmut/Erth      1%         N/A       26%         2
 Summon Guardian Golem    Hex/Summ       10%        N/A       21%         3
 Stone Arrow              Conj/Erth      4%         3d7       45%         3
 Summon Lightning Spire   Summ/Air       10%        N/A       54%         4


Dungeon Overview and Level Annotations

Branches:
Dungeon (2/15)

Altars:

Annotations:
D:2 Sigmund


Innate Abilities, Weirdness & Mutations

You have sharp claws.
You have razor-sharp teeth.
You have supernaturally acute eyesight. (SInv)
You cover ground quickly. (Speed+)
You are covered in fur. (AC +1)
Your paws help you pounce on unaware monsters.
You are incapable of wielding weapons or throwing items.
You cannot wear armour.
You gain extra lives every three experience levels.


Message History

You are poisoned.
The adder poisons you!
You feel sick.
Casting: Call Canine Familiar (astonishingly dangerous; 8% risk of failure)
Confirm with . or Enter, or press ? or * to list all spells.
You feel sick. The adder bites you.
* * * LOW HITPOINT WARNING * * *
* * * LOW HITPOINT WARNING * * *
You feel sick. The adder bites your quokka.
Your quokka is poisoned.
The adder poisons your quokka!
You feel better.
Your quokka closely misses the adder.
The adder closely misses your quokka.
Your quokka barely misses the adder.
The adder completely misses your quokka.
Your quokka misses the adder.
Your hound closely misses the ball python.
The adder bites your quokka.
Your quokka dies!
Your quokka's corpse disappears in a puff of smoke!
Your hound closely misses the ball python.
Casting: Summon Small Mammal (safe; 2% risk of failure)
Confirm with . or Enter, or press ? or * to list all spells.
Your hound bites the ball python.
The ball python dies!
The adder bites you. The adder attacks as you move away!
The adder completely misses you.
Your bat closely misses the adder.
The adder bites you. The adder attacks as you move away! The adder bites you.
* * * LOW HITPOINT WARNING * * *
You are lethally poisoned!
The adder poisons you!
* * * LOW HITPOINT WARNING * * *
You feel sick.
Your bat barely misses the adder.
The adder closely misses your hound.
Okay, then.
It was a potion of flight.
You feel very buoyant.
You fly up into the air.
You die...

#...........#
#..####.#.### .
#..####.....### ###.
#.............### ...
#######.........###
... #............ #..
###.†.......######+#..
#...........###......h
#...b@.......##.......
#....h..##...##....h.<
#...S...##...######...
#.......##...######÷.=
#######....#..hbhh...#
#.######.##.####
#.######.##.#
#..†..##....#
#####.#####.#


You could see an adder (ally target), a friendly hound (summoned) and a friendly
bat (summoned).

Vanquished Creatures
  A jackal (D:2)
1 creature vanquished.

Vanquished Creatures (collateral kills)
  An adder (D:2)
  An endoplasm (D:2)
  A goblin (D:1)
  2 hobgoblins (D:1)
  3 jackals (D:2)
  2 quokkas (D:1)
  4 ball pythons
  2 kobolds (D:1)
  3 rats (D:1)
19 creatures vanquished.

Grand Total: 20 creatures vanquished

Notes
Turn   | Place    | Note
-------+----------+-------------------------------------------
     0 | D:1      | MacCMillion the Felid Summoner began the quest for the Orb.
     0 | D:1      | Reached XP level 1. HP: 7/7 MP: 4/4
   521 | D:1      | Reached XP level 2. HP: 7/11 MP: 0/6
   938 | D:2      | Noticed Sigmund
  1434 | D:2      | Reached XP level 3. HP: 14/14 MP: 4/7
  1438 | D:2      | Learned a level 3 spell: Call Canine Familiar
  1561 | D:2      | Succumbed to an adder's poison

Illustrated notes

Levels and vault maps discovered:
D:1:      nicolae_arrival_somewhat_less_tricky_arrival, layout_loops_ring
D:2:      layout_basic, minmay_unequal, uniq_sigmund

Action                   || total
-------------------------++-------
Melee: Unarmed           ||     4
       Bite              ||     1
 Cast: Summon Small Mamm ||    37
       Call Canine Famil ||     2
  Use: Potion            ||     3
Armor: Skin              ||     1
Dodge: Dodged            ||    14
